 Dungeon Crawl Stone Soup version 0.28-a0-643-g84cb2ea78e (webtiles) character file.

Game seed: 15231817549729379632

889 timneilson the Covered (level 7, -1/54 HPs)
             Began as a Demonspawn Fighter on Oct 10, 2021.
             Slain by Menkaure (16 damage)
             ... on level 5 of the Dungeon.
             The game lasted 00:06:25 (5441 turns).

timneilson the Covered (Demonspawn Fighter)         Turns: 5441, Time: 00:06:26

Health: -1/54      AC:  9    Str: 18    XL:     7   Next: 77%
Magic:  7/7        EV:  6    Int:  9    God:
Gold:   253        SH:  9    Dex: 13    Spells: 6/6 levels left

rFire   . . .      SeeInvis +   a - +0 long sword (elec)
rCold   . . .      Faith    .   h - +0 kite shield
rNeg    . . .      Spirit   .   k - +0 chain mail
rPois   .          Reflect  .   (helmet unavailable)
rElec   .          Harm     .   (no cloak)
rCorr   .          Rampage  .   (no gloves)
Will    .....                   (no boots)
Stlth   ..........              (no amulet)
HPRegen 0.18/turn               (no ring)
MPRegen 0.10/turn               (no ring)

@: mighty
A: antennae 3, powered by pain 1
a: no special abilities


You were on level 5 of the Dungeon.
You visited 1 branch of the dungeon, and saw 5 of its levels.

You collected 253 gold pieces.

Inventory:

Hand Weapons
 a - a +0 long sword of electrocution (weapon)
Armour
 h - a +0 kite shield (worn)
 k - a +0 chain mail (worn)
Wands
 m - a wand of polymorph (4)
Scrolls
 b - a scroll of amnesia {unknown}
 e - a scroll of acquirement {unknown}
 g - 2 scrolls of magic mapping
 o - a scroll of identify
Potions
 c - a potion of magic {unknown}
 d - 6 potions of might
 f - a potion of attraction
 i - a potion of cancellation
 j - 2 potions of flight {unknown}
 l - a potion of mutation {unknown}
 n - a potion of degeneration {unknown}


   Skills:
 + Level 4.1 Fighting
 * Level 4.3 Long Blades
 * Level 4.7 Armour
 + Level 2.4 Dodging
 * Level 4.7 Shields
 + Level 1.4 Evocations


You had 6 spell levels left.
You didn't know any spells.
Your spell library contained the following spells:

 Spells                   Type           Power      Damage    Failure   Level
 Blink                    Tloc           N/A        N/A       100%        2
 Frozen Ramparts          Ice            0%         1d2       100%        3
 Lesser Beckoning         Tloc           0%         N/A       100%        3
 Ice Form                 Ice/Tmut       0%         N/A       100%        4
 Summon Ice Beast         Ice/Summ       0%         N/A       100%        4
 Manifold Assault         Tloc           0%         N/A       100%        5


Dungeon Overview and Level Annotations

Branches:
Dungeon (5/15)
 Temple: D:4-7

Altars:
Elyvilon
Gozag

Annotations:
D:5 Menkaure


Innate Abilities, Weirdness & Mutations

You have a pair of large antennae on your head. (SInv)
You sometimes gain a little power by taking damage.


Message History

j - 2 fuming grey potions You open the door.
An iguana comes into view.
The iguana hisses angrily.
You closely miss the iguana. You block the iguana's attack.
The iguana barely misses you.
You hit the iguana but do no damage.
The iguana bites you but does no damage.
You barely miss the iguana. You block the iguana's attack.
You barely miss the iguana.
The iguana bites you but does no damage. x2
You hit the iguana.
The iguana is lightly wounded.
You block the iguana's attack.
You hit the iguana. Lightning courses through the iguana!
You kill the iguana!
There is an open door, spattered with blood here.
You sense a monster nearby.
Menkaure, Prince of Dust comes into view.
Found a stone staircase leading down.
Menkaure shouts!
Menkaure casts a spell.
Menkaure seems to speed up.
Found a lumpy green potion.
Menkaure casts a spell at you. Pain shoots through your body!
Menkaure hits you!
You focus on the pain.
You feel very mighty all of a sudden.
You slash Menkaure!
Menkaure is severely damaged.
Menkaure hits you but does no damage.
You closely miss Menkaure.
Menkaure is severely damaged.
Menkaure calls on the powers of darkness!
Your body is wracked with pain!
* * * LOW HITPOINT WARNING * * *
You focus on the pain.
You feel mightier all of a sudden. Menkaure hits you!
You die...

# .# #..#
....#
#####.....#
#..@M...>..
#.###!..#.#
#.# ..#.#
#.# .#.#
#.# #.# #.#
#.# #.# #.#
#.#######.#
#.........#


You could see Menkaure (fast).

Vanquished Creatures
  A sky beast (D:5)
  3 ogres
  A phantom (D:4)
  Blork the orc (D:5)
  A howler monkey (D:5)
  A hound (D:5)
  A centaur skeleton (D:3)
  2 iguanas
  Natasha (D:2)
  2 orc wizards
  2 hound skeletons (D:4)
  A howler monkey skeleton (D:4)
  4 adders
  An ufetubus (D:5)
  A dart slug (D:2)
  8 orcs
  3 bats (D:1)
  9 endoplasms
  3 giant cockroaches
  12 hobgoblins
  4 jackals (D:2)
  7 kobolds
  4 quokkas
  6 ball pythons
  A frilled lizard (D:1)
  6 goblins
  3 rats
89 creatures vanquished.

Notes
Turn   | Place    | Note
-------+----------+-------------------------------------------
     0 | D:1      | timneilson the Demonspawn Fighter began the quest for the
                  | Orb.
     0 | D:1      | Reached XP level 1. HP: 18/18 MP: 1/1
   333 | D:1      | Gained mutation: You have a pair of small antennae on your
                  | head. [demonic ancestry]
   333 | D:1      | Reached XP level 2. HP: 24/24 MP: 2/2
  1145 | D:2      | Gained mutation: You sometimes gain a little power by
                  | taking damage. [demonic ancestry]
  1145 | D:2      | Reached XP level 3. HP: 29/29 MP: 3/3
  1423 | D:2      | Found a faded altar of an unknown god.
  1465 | D:2      | You fall into a shaft and drop 1 floor!
  1465 | D:3      | Found an opulent altar of Gozag.
  1814 | D:2      | Noticed Natasha
  1827 | D:2      | Killed Natasha
  1828 | D:2      | Gained mutation: You have a pair of antennae on your head.
                  | [demonic ancestry]
  1828 | D:2      | Reached XP level 4. HP: 11/35 MP: 4/4
  2134 | D:2      | Reached skill level 1 in Dodging
  3052 | D:3      | Reached XP level 5. HP: 25/41 MP: 5/5
  3561 | D:4      | Noticed an ogre
  3566 | D:4      | Killed an ogre
  3572 | D:4      | Noticed a phantom
  3607 | D:4      | Killed a phantom
  3608 | D:4      | Reached XP level 6. HP: 30/48 MP: 6/6
  4693 | D:5      | Entered Level 5 of the Dungeon
  4701 | D:5      | Noticed Blork the orc
  4717 | D:5      | Killed Blork the orc
  4733 | D:5      | Gained mutation: You have a pair of large antennae on your
                  | head. (SInv) [demonic ancestry]
  4733 | D:5      | Reached XP level 7. HP: 43/53 MP: 7/7
  4847 | D:5      | Reached skill level 1 in Evocations
  5437 | D:5      | Noticed Menkaure
  5441 | D:5      | Slain by Menkaure

Illustrated notes

Levels and vault maps discovered:
D:1:      minmay_arrival_glassed_features, layout_loops_ring
D:2:      layout_loops_ring, hellmonk_ecumenical_altar_leap_of_faith,
          uniq_natasha
D:3:      layout_basic, elyvilon_altar_3, grunt_gozag_breadcrumbs,
          grunt_decor_resistance, minmay_misc_feat_cross
D:4:      layout_basic, serial_rivers, chequers_serial_rivers_micro_c,
          chequers_serial_rivers_micro_a, chequers_serial_rivers_small_b,
          chequers_serial_rivers_micro_b, chequers_serial_rivers_small_b,
          chequers_serial_rivers_micro_e, kennysheep_small_spiral
D:5:      layout_basic, uniq_menkaure, uniq_blork_the_orc, uniq_pikel

Skill      XL: |  1  2  3  4  5  6  7 |
---------------+----------------------+-----
Long Blades    | 2 3 4 |  4.3
Shields        | 3 4 |  4.7
Armour         | 3 4 |  4.7
Dodging        | 1 2 |  2.4
Fighting       | 4 |  4.1
Evocations     | 1 |  1.4

Action                   |  1- 3 |  4- 6 |  7- 9 || total
-------------------------+-------+-------+-------++-------
Melee: Long sword        |   125 |   162 |    47 ||   334
  Use: Scroll            |     2 |     9 |       ||    11
       Potion            |       |     1 |     1 ||     2
Armor: Scale mail        |    43 |    67 |     1 ||   111
       Chain mail        |       |       |    27 ||    27
Dodge: Dodged            |    61 |    78 |    17 ||   156
Block: Buckler           |    26 |    33 |       ||    59
       Kite shield       |       |    18 |    20 ||    38

Table legend: (Time is in decaauts)
 A = Elapsed time spent in this place.
 B = Non-inter-level travel time spent in this place.
 C = Inter-level travel time spent in this place.
 D = Time resting spent in this place.
 E = Time spent auto-exploring this place.
 F = Levels seen in this place.
 G = Mean time per level.
                   A        B        C        D        E       F      G
               +--------+--------+--------+--------+--------+-----+--------+
         Total |   5552 |   5462 |     90 |    987 |   3511 |   5 | 1110.4 |
       Dungeon |   5552 |   5462 |     90 |    987 |   3511 |   5 | 1110.4 |
               +--------+--------+--------+--------+--------+-----+--------+

Top non-repeatable levels by time:
     D:4: 1636 daAuts
     D:3: 1367 daAuts
     D:1: 1160 daAuts
     D:2: 1034 daAuts
     D:5: 353 daAuts
